 Dungeon Crawl Stone Soup version 0.23-a0-359-g9beedce (webtiles) character file.

56 Ghost621 the Conjurer (level 3, 0/28 HPs)
             Began as a Draconian Conjurer on Oct 23, 2018.
             Slain by Robin
             ... wielding a +0 mace of protection
              (3 damage)
             ... on level 2 of the Dungeon.
             The game lasted 00:03:32 (1511 turns).

Ghost621 the Conjurer (Draconian Conjurer)          Turns: 1511, Time: 00:03:33

Health: 0/28       AC:  5    Str: 11    XL:     3   Next: 71%
Magic:  1/6        EV: 12    Int: 15    God:
Gold:   46         SH:  0    Dex: 11    Spells: 3/7 levels left

rFire    . . .     SeeInvis .   i - +2 mace (holy)
rCold    . . .     Gourm    .   (no shield)
rNeg     . . .     Faith    .   (armour unavailable)
rPois    .         Spirit   .   (helmet restricted)
rElec    .         Reflect  .   (no cloak)
rCorr    .         Harm     .   (no gloves)
MR       .....                  (no boots)
Stlth    ++........             (no amulet)
HPRegen  0.09/turn              (no ring)
MPRegen  0.10/turn              (no ring)

@: no status effects
A: unfitting armour, cold-blooded, AC +5
a: no special abilities


You were on level 2 of the Dungeon.
You were not hungry.

You visited 1 branch of the dungeon, and saw 2 of its levels.

You collected 46 gold pieces.

Inventory:

Hand Weapons
 i - a +2 mace of holy wrath (weapon)
 l - a +1 dagger of speed
Jewellery
 k - an uncursed amulet of guardian spirit
Scrolls
 a - a scroll of fog
 c - a scroll of identify
Potions
 d - a potion of flight {unknown}
 e - a potion of degeneration {unknown}
 f - a potion of might {unknown}
 g - a potion of lignification {unknown}
 h - 2 potions of curing {unknown}
 j - a potion of heal wounds {unknown}
Comestibles
 b - a ration


   Skills:
 + Level 1.6 Fighting
 - Level 1.7 Dodging
 - Level 1.7 Stealth
 + Level 2.5 Spellcasting
 * Level 4.7 Conjurations


You had 3 spell levels left.
You knew the following spells:

 Your Spells              Type           Power        Failure   Level  Hunger
a - Magic Dart            Conj           ###.         3%          1    #......
b - Dazzling Spray        Conj/Hex       #.....       24%         3    ###....

Your spell library contained the following spells:

 Spells                   Type           Power        Failure   Level  Hunger
 Searing Ray              Conj           ###...       4%          2    ###....
 Iskenderun's Mystic Bla  Conj           ###.....     28%         4    #####..
 Force Lance              Conj/Tloc      #.......     61%         4    #####..
 Fulminant Prism          Conj/Hex       #.........   61%         4    #####..


Dungeon Overview and Level Annotations

Branches:
Dungeon (2/15)

Altars:
Kikubaaqudgha

Annotations:
D:2 1 runed door, Robin


Innate Abilities, Weirdness & Mutations

Your plain brown scales are hard. (AC +5)
You cannot fit into any form of body armour.
You are cold-blooded and may be slowed by cold attacks.


Message History

Robin is lightly wounded.
The goblin hits you but does no damage. Robin completely misses you.
You hit the goblin.
The goblin is heavily wounded.
The goblin hits you but does no damage.
Robin roars a battlecry!
The goblin goes into a battle-frenzy!
You hear a shout!
You closely miss the goblin.
The goblin is heavily wounded.
The goblin no longer looks unusually strong.
The goblin hits you but does no damage. x2
You hit the goblin.
You kill the goblin!
Robin throws the goblin at you!
* * * LOW HITPOINT WARNING * * *
The goblin unwields a +0 hunting sling.
The goblin wields a +0 dagger.
The goblin barely misses you.
Robin hits you with a +0 mace of protection.
You die...

... ####..##.##.#.........#.#.
#.###...........#.........#.##
.........)..#####.........#.#
#.##............#.........#.##
#....#######.#.........#.#.
#....# #.####'##+###.#. +....#
#.# #..#.# #.#. #....#######.#
##.#.# #... #....##..g@g.#
#.#.# #.#. #....##.#######
#.#.###(#. ##... #.......#
#.#....... #.... #g...##.#
#.......## ....###(..(.#.#
##.#.#<... #..g.....#.#
#.#.##.#. #..g.....#.#
#.#.##.#. #.....##+#.#
#.#+##.#. #..........#
#....#.#.


You could see Robin and a goblin.

Vanquished Creatures
  A gnoll (D:1)
  A dart slug (D:1)
  A ball python (D:1)
  4 giant cockroaches
  11 goblins
  8 hobgoblins
  5 kobolds
  A frilled lizard (D:1)
  5 rats
37 creatures vanquished.

Notes
Turn   | Place    | Note
-------+----------+-------------------------------------------
     0 | D:1      | Ghost621 the Draconian Conjurer began the quest for the
                  | Orb.
     0 | D:1      | Reached XP level 1. HP: 14/14 MP: 3/3
   295 | D:1      | Reached XP level 2. HP: 22/22 MP: 1/5
   484 | D:1      | Reached skill level 1 in Fighting
   879 | D:1      | Reached XP level 3. HP: 25/28 MP: 0/6
   890 | D:1      | Learned a level 3 spell: Dazzling Spray
  1079 | D:2      | Found a runed door.
  1384 | D:2      | Found an ancient bone altar of Kikubaaqudgha.
  1477 | D:2      | Noticed Robin
  1511 | D:2      | Slain by Robin

Vault maps used:
D:1:      eino_arrival_druids_welcome, hangedman_abyss_or_decor_lesser_grid,
          chequers_serial_rivers_small_a
D:2:      kiku_gazebo_pond_becter, uniq_robin, uniq_crazy_yiuf_cottage

Skill      XL: |  1  2 |
---------------+-------+-----
Fighting       | 1 |  1.6
Dodging        | |  1.7
Stealth        | |  1.7
Spellcasting   | |  2.5
Conjurations   | |  4.7

Action                   || total
-------------------------++-------
Melee: Unarmed           ||    30
       Hand axe          ||    22
       Mace              ||    15
       Tailslap          ||     2
 Cast: Magic Dart        ||    47
       Dazzling Spray    ||     2
  Use: Scroll            ||     2
  Eat: Ration            ||     1
Armor: Skin              ||    27
Dodge: Dodged            ||    42

Table legend:
 A = Non-vault XP
 B = Vault XP
 C = Vault XP percentage of total XP
 D = Non-vault monster count
 E = Vault monster count
 F = Vault count percentage of total count
                 A         B        C        D         E       F
            +---------+---------+-------+---------+---------+-------
      Total |      65 |      16 |  19.8 |      29 |       8 |  21.6
            +---------+---------+-------+---------+---------+-------
        D:1 |      54 |       0 |   0.0 |      22 |       0 |   0.0
        D:2 |      11 |      16 |  59.3 |       7 |       8 |  53.3
            +---------+---------+-------+---------+---------+-------
